 Dungeon Crawl Stone Soup version 0.26.1-11-gd32895ea62 (webtiles) character file.

Game seed: 10825562208582322578

77 bnorton916 the Shield-Bearer (level 4, -2/37 HPs)
             Began as a Formicid Fighter on June 13, 2021.
             Was an Initiate of Makhleb.
             Slain by a gnoll sergeant
             ... wielding a +4 spear of venom
              (11 damage)
             ... on level 3 of the Dungeon.
             The game lasted 00:03:58 (2702 turns).

bnorton916 the Shield-Bearer (Formicid Fighter)     Turns: 2702, Time: 00:03:59

Health: -2/37      AC:  5    Str: 21    XL:     4   Next: 58%
Magic:  4/4        EV:  9    Int:  8    God:    Makhleb [......]
Gold:   112        SH:  9    Dex: 10    Spells: 3/3 levels left

rFire    + . .     SeeInvis +   a - +0 war axe
rCold    . . .     Faith    .   c - +0 kite shield
rNeg     . . .     Spirit   .   h - +2 leather armour {rF+}
rPois    .         Reflect  .   (helmet unavailable)
rElec    .         Harm     .   (no cloak)
rCorr    .         Rampage  .   (no gloves)
Will     .....                  (no boots)
Stlth    ..........             (no amulet)
HPRegen  0.12/turn              n - ring of attention (curse)
MPRegen  0.09/turn              (no ring)

@: mighty, lethally poisoned (-2 -> -9)
A: permanent stasis, dig shafts and tunnels, four strong arms, antennae 3
a: Dig, Shaft Self, Renounce Religion


You were on level 3 of the Dungeon.
You worshipped Makhleb.
Makhleb was noncommittal.
You visited 1 branch of the dungeon, and saw 3 of its levels.

You collected 112 gold pieces.

Inventory:

Hand Weapons
 a - a +0 war axe (weapon)
 k - a +0 short sword of distortion
Armour
 b - a +0 scale mail
 c - a +0 kite shield (worn)
 h - a +2 leather armour of fire resistance (worn)
Jewellery
 n - a cursed ring of attention (left hand)
Scrolls
 e - a scroll of identify
 m - a scroll of immolation
Potions
 d - 2 potions of might
 g - a potion of lignification
 i - a potion of flight {unknown}
 j - a potion of curing {unknown}
 l - a potion of degeneration {unknown}


   Skills:
 + Level 3.9 Fighting
 + Level 2.7 Axes
 + Level 4.0 Armour
 + Level 4.3 Shields


You had 3 spell levels left.
You didn't know any spells.
Your spell library was empty.

Dungeon Overview and Level Annotations

Branches:
Dungeon (3/15)

Altars:
Dithmenos
Makhleb

Annotations:
D:3 1 transporter, oc3rt's ghost, amateur KoHu


Innate Abilities, Weirdness & Mutations

You cannot be hasted, slowed, berserked, paralysed or teleported.
You can dig through walls and to a lower floor.
Your four strong arms can wield two-handed weapons with a shield.
You have a pair of large antennae on your head. (SInv)


Message History

You block the gnoll's attack. You block oc3rt's ghost's attack.
You slash oc3rt's ghost!
Oc3rt's ghost is heavily damaged.
You barely miss the gnoll. You block the gnoll's attack.
Oc3rt's ghost hits you. You block the gnoll sergeant's attack.
The gnoll barely misses you.
You closely miss oc3rt's ghost.
Oc3rt's ghost is heavily damaged.
You closely miss the gnoll. Oc3rt's ghost barely misses you.
The gnoll sergeant hits you from afar with a +4 spear of venom.
You are poisoned.
You block the gnoll's attack.
You closely miss oc3rt's ghost.
Oc3rt's ghost is heavily damaged.
You barely miss the gnoll.
You feel sick. Oc3rt's ghost hits you. The gnoll sergeant closely misses you.
You block the gnoll's attack. Oc3rt's ghost hits you.
* * * LOW HITPOINT WARNING * * *
The gnoll sergeant hits you from afar with a +4 spear of venom!
You die...

# .#.≈≈##.###g###.##≈≈.# .{
..≈≈#.. ......g#≈≈.# . #.≈≈###
##'##.###≈≈.# #.≈≈..
#P..#.#..≈≈.# #.≈≈.##
...+.##.≈≈.# { #.≈≈.#
...#.©#.≈≈.# #.≈≈.##
##.##.##.≈≈.#
#.....#.#.W.#.#..≈≈.#####
#....©#gg.@.'.#©.≈≈.....#
#.....#g#8g8#.#..≈≈.##.##
#.≈≈.##.#####.##.≈≈.##.#
#######.≈≈.#g.# ..#.≈≈.##.#
........≈≈.##.# #.##.≈≈..#.#
........≈≈..#.#. {# #..≈≈..#.#
........≈≈###.##'##.###≈≈..#.#
........≈≈#g..........#≈≈..#.#
..#.....≈≈##.###.###.##≈≈....##


You could see a gnoll sergeant, oc3rt's ghost and 3 gnolls.

Vanquished Creatures
  2 adders (D:3)
  2 worms (D:2)
  A dart slug (D:1)
  A leopard gecko (D:2)
  2 orcs (D:3)
  A ball python (D:3)
  4 giant cockroaches
  5 goblins
  8 jackals
  8 bats
  2 frilled lizards
  6 kobolds
  4 rats
46 creatures vanquished.

Vanquished Creatures (others)
  5 plants (D:3)
5 creatures vanquished.

Grand Total: 51 creatures vanquished

Notes
Turn   | Place    | Note
-------+----------+-------------------------------------------
     0 | D:1      | bnorton916 the Formicid Fighter began the quest for the
                  | Orb.
     0 | D:1      | Reached XP level 1. HP: 18/18 MP: 1/1
   342 | D:1      | Reached XP level 2. HP: 24/24 MP: 2/2
   725 | D:2      | Reached XP level 3. HP: 24/29 MP: 3/3
  1180 | D:2      | Found a shadowy altar of Dithmenos.
  1598 | D:3      | Found a burning altar of Makhleb.
  1626 | D:3      | Became a worshipper of Makhleb the Destroyer
  1713 | D:3      | Reached XP level 4. HP: 36/37 MP: 4/4
  2453 | D:3      | Found a transporter.
  2542 | D:3      | Found a transporter.
  2688 | D:3      | Noticed a gnoll sergeant
  2697 | D:3      | Noticed oc3rt's ghost (amateur KoHu)
  2702 | D:3      | Slain by a gnoll sergeant

Illustrated notes

Levels and vault maps discovered:
D:1:      sevenhm_arrival_forest_fort_large_2, layout_basic
D:2:      layout_basic, old_standard_altar, minmay_distorted
D:3:      layout_basic, nicolae_overflow_hidden_temple,
          gammafunk_ghost_gnarly_gnolls, serial_co_window_serial,
          co_window_corner_a, co_window_of_opportunity_a, co_window_paths_b,
          co_window_paths_a, co_window_paths_a, co_window_2corner,
          co_window_corner_b, co_window_broadway_c, co_window_corner_cb,
          co_window_broadway_c, co_window_corner_b, glass_columns_c,
          glass_columns_a

Skill      XL: |  1  2  3  4 |
---------------+-------------+-----
Shields        | 4 |  4.3
Armour         | 4 |  4.0
Fighting       | |  3.9
Axes           | |  2.7

Action                   |  1- 3 |  4- 6 || total
-------------------------+-------+-------++-------
Melee: War axe           |   105 |    38 ||   143
 Abil: Dig               |     2 |       ||     2
  Use: Scroll            |     6 |     2 ||     8
       Potion            |       |     1 ||     1
Armor: Scale mail        |    53 |       ||    53
       Leather armour    |     2 |     9 ||    11
Dodge: Dodged            |    46 |    16 ||    62
Block: Kite shield       |    71 |    20 ||    91
